 Dungeon Crawl Stone Soup version 0.31-a0-232-gb1c03b2570 (webtiles) character file.

Game seed: 9319579254775576510

476 qw the Shooter (level 6, -1/52 HPs)
             Began as a Minotaur Hexslinger on July 7, 2023.
             Was an Initiate of Okawaru.
             Slain by Menkaure (19 damage)
             ... on level 5 of the Dungeon.
             The game lasted 00:01:26 (2834 turns).

qw the Shooter (Minotaur Hexslinger)                Turns: 2834, Time: 00:01:27

Health: -1/52      AC:  6    Str: 12      XL:     6   Next: 84%
Magic:  6/6        EV: 11    Int:  5 (6)  God:    Okawaru [......]
Gold:   337        SH:  0    Dex: 18      Spells: 6/7 levels left

rFire   . . .        Y - +2 sling
rCold   . . .        (no shield)
rNeg    . . .        g - +0 ring mail
rPois   .            a - +1 hat of the Distant Future {Regen+ Int-3 SInv}
rElec   .            (no cloak)
rCorr   .            (no gloves)
SInv    +            (no boots)
Will    .....        d - amulet of faith
Stlth   +            (no ring)
HPRegen 1.08/turn    (no ring)
MPRegen 0.10/turn

%: faith
@: lethally poisoned (-1 -> -1)
A: horns 2, retaliatory headbutt, agile 1, deterioration 1
a: Renounce Religion


You were on level 5 of the Dungeon.
You worshipped Okawaru.
Okawaru was noncommittal.
You visited 1 branch of the dungeon, and saw 5 of its levels.

You collected 359 gold pieces.
You spent 22 gold pieces at shops.


Innate Abilities, Weirdness & Mutations

You have a pair of horns on your head.
You reflexively headbutt those who attack you in melee.
You are agile. (Dex +4, Str/Int -1)
Your body sometimes deteriorates upon taking damage.


   Skills:
 - Level 4.3 Fighting
 + Level 7.1 Ranged Weapons
 - Level 1.0 Armour
 - Level 2.1 Dodging
 - Level 1.0 Spellcasting
 - Level 2.0 Hexes


You had 6 spell levels left.
You knew the following spells:

 Your Spells              Type           Power      Damage    Failure   Level
a - Slow                  Hex            8%         N/A       43%         1

Your spell library contained the following spells:

 Spells                   Type           Power      Damage    Failure   Level
 Inner Flame              Hex/Fire       1%         N/A       91%         3
 Portal Projectile        Hex/Tloc       2%         N/A       91%         3
 Cause Fear               Hex            1%         N/A       99%         4

Inventory:

Hand Weapons
 Y - a +2 sling (weapon)
Armour
 a - the +1 hat of the Distant Future (worn) {Regen+ Int-3 SInv}
   (You acquired it on level 2 of the Dungeon)

   Int:       It affects your intelligence (-3).
   SInv:      It lets you see invisible.
   Regen:     It increases your rate of health regeneration.
 g - a +0 ring mail (worn)
Jewellery
 d - an amulet of faith (around neck)
 f - a ring of see invisible
 j - an amulet of the acrobat
Scrolls
 m - a scroll of identify
Potions
 b - 2 potions of curing
 h - 2 potions of heal wounds
 i - a potion of might {unknown}
 k - a potion of cancellation
 l - 2 potions of haste

Dungeon Overview and Level Annotations

Branches:
Dungeon (5/15)             Temple (0/1) D:4

Altars:
Kikubaaqudgha
Makhleb
Nemelex Xobeh
Okawaru

Shops:
D:1 ?

Annotations:
D:5 Menkaure


Message History

Menkaure shouts!
You shoot a sling bullet. The sling bullet hits Menkaure.
Menkaure is lightly damaged.
Menkaure casts a spell.
Menkaure seems to speed up.
You shoot a sling bullet.
The sling bullet completely misses Menkaure.
You shoot a sling bullet. The sling bullet hits Menkaure!
Menkaure is heavily damaged.
You shoot a sling bullet.
The sling bullet barely misses Menkaure.
An adder comes into view.
Menkaure closely misses you.
You shoot a sling bullet. The sling bullet hits Menkaure!
Menkaure is severely damaged.
Menkaure hits you. Menkaure completely misses you.
You shoot a sling bullet.
The sling bullet hits Menkaure but does no damage.
Menkaure is severely damaged.
The adder barely misses you. Menkaure misses you.
You shoot a sling bullet.
The sling bullet hits Menkaure but does no damage.
Menkaure is severely damaged.
The adder closely misses you. Menkaure hits you!
Your body deteriorates!
You feel dopey. The adder bites you.
You shoot a sling bullet.
The sling bullet hits Menkaure but does no damage.
Menkaure is severely damaged.
Menkaure casts a spell at you.
You barely resist. The adder bites you.
You are poisoned.
The adder poisons you!
Menkaure calls on the powers of darkness!
The adder convulses!
Your body is wracked with pain!
You shoot a sling bullet.
The sling bullet hits Menkaure but does no damage.
Menkaure is severely damaged.
You feel sick. The adder bites you. Menkaure hits you!!
You die...

##### #....
.... ### ...
.$.. ..
>....#.
......M#######
#.?S@.....#
#.####.##.#
#.##.#
#....######
###.......#
#<...####.#
######


You could see Menkaure (fast) and an adder.

Vanquished Creatures
  A scorpion (D:4)
  A jelly (D:4)
  A hound (D:4)
  2 orc priests
  3 iguanas
  An orc wizard (D:3)
  5 adders
  4 gnolls (D:4)
  A worm (D:4)
  3 dart slugs
  7 orcs (D:3)
  6 endoplasms
  4 giant cockroaches
  15 goblins
  6 hobgoblins
  3 quokkas
  8 ball pythons
  10 bats
  3 frilled lizards
  7 kobolds
  11 rats
  2 rat zombies (D:4)
104 creatures vanquished.

Notes
Turn   | Place    | Note
-------+----------+-------------------------------------------
     0 | D:1      | qw the Minotaur Hexslinger began the quest for the Orb.
     0 | D:1      | Reached XP level 1. HP: 16/16 MP: 1/1
     0 | D:1      | 0 ||| qw: Version: 0.3-a-46-gb1f654a
     0 | D:1      | 0 ||| qw: Game counter: 2897
     0 | D:1      | 0 ||| qw: Melee chars always use a shield: true
     0 | D:1      | 0 ||| qw: God list: Okawaru
     0 | D:1      | 0 ||| qw: Allow faded altars: false
     0 | D:1      | 0 ||| qw: Do Orc after clearing Dungeon:15 true
     0 | D:1      | 0 ||| qw: Do second Lair branch before Depths: true
     0 | D:1      | 0 ||| qw: Lair rune preference: random
     0 | D:1      | 0 ||| qw: Goals: Normal
     0 | D:1      | 0 ||| PLANNING D:1-11
    37 | D:1      | Reached skill level 3 in Ranged Weapons
    44 | D:1      | Reached XP level 2. HP: 23/23 MP: 2/2
    71 | D:1      | Found a faded altar of an unknown god.
   269 | D:1      | Found Oliynno's Magic Scroll Boutique.
   272 | D:1      | Reached XP level 3. HP: 28/29 MP: 3/3
   278 | D:1      | 278 ||| SHOPLISTING scroll of brand weapon (104 gold, have
                  | 39).
   278 | D:1      | 278 ||| SHOPLISTING scroll of enchant weapon (82 gold, have
                  | 39).
   278 | D:1      | 278 ||| BUYING scroll of identify (22 gold).
   278 | D:1      | Bought a scroll of identify for 22 gold pieces
   278 | D:1      | 278 ||| SHOPLISTING scroll of identify (22 gold, have 17).
   584 | D:1      | 584 ||| UPGRADING to +0 ring mail.
   594 | D:1      | 594 ||| DROPPING +0 robe.
   595 | D:1      | 595 ||| UPGRADING to amulet of the acrobat.
   600 | D:1      | 600 ||| UPGRADING to ring of see invisible.
   601 | D:1      | 601 ||| READING scroll labelled TOIPPOM BINNOH.
   602 | D:1      | 602 ||| READING 2 scrolls labelled PEAWYGG PUZUNWIO.
   603 | D:1      | 603 ||| READING scroll labelled QEFFOU ZUINI.
   604 | D:1      | 604 ||| DRINKING 3 glowing yellow potions.
   604 | D:1      | Gained mutation: You occasionally lose the ability to read
                  | scrolls when taking damage. [potion of mutation]
   604 | D:1      | Gained mutation: You are frail. (-10% HP) [potion of
                  | mutation]
   604 | D:1      | Gained mutation: You have a pair of large horns on your
                  | head. [potion of mutation]
   604 | D:1      | Gained mutation: Your system is resistant to poisons.
                  | (rPois) [potion of mutation]
   605 | D:1      | 605 ||| DRINKING 2 potions of mutation.
   605 | D:1      | Lost mutation: Your system is resistant to poisons. (rPois)
                  | [potion of mutation]
   605 | D:1      | Lost mutation: You are frail. (-10% HP) [potion of
                  | mutation]
   605 | D:1      | Lost mutation: You have a pair of large horns on your head.
                  | [potion of mutation]
   605 | D:1      | Gained mutation: Your body sometimes deteriorates upon
                  | taking damage. [potion of mutation]
   605 | D:1      | Gained mutation: You have large cloven feet. [potion of
                  | mutation]
   618 | D:1      | 618 ||| DRINKING potion of mutation.
   618 | D:1      | Lost mutation: You occasionally lose the ability to read
                  | scrolls when taking damage. [potion of mutation]
   618 | D:1      | Lost mutation: You have large cloven feet. [potion of
                  | mutation]
   618 | D:1      | Gained mutation: You are agile. (Dex +4, Str/Int -1)
                  | [potion of mutation]
   619 | D:1      | 619 ||| DRINKING 2 coppery potions.
   620 | D:1      | 620 ||| READING 2 scrolls of identify.
   620 | D:1      | 620 ||| IDENTIFYING amethyst potion
   621 | D:1      | 621 ||| DROPPING scroll of poison.
   622 | D:1      | 622 ||| DROPPING scroll of revelation.
   681 | D:2      | Reached skill level 4 in Ranged Weapons
   843 | D:2      | Reached skill level 1 in Armour
  1006 | D:2      | Reached XP level 4. HP: 26/36 MP: 4/4
  1238 | D:2      | 1238 ||| DROPPING ring of wizardry.
  1239 | D:2      | 1239 ||| READING scroll labelled GAICIAFREU.
  1240 | D:2      | 1240 ||| READING scroll labelled PIUD ESAOFUKOU.
  1240 | D:2      | Identified a scroll of acquirement
  1240 | D:2      | 1240 ||| ACQUIRING +1 hat of the Distant Future {Regen+
                  | Int-3 SInv}
  1240 | D:2      | Acquired the +1 hat of the Distant Future {Regen+ Int-3
                  | SInv}
  1242 | D:2      | 1242 ||| UPGRADING to +1 hat of the Distant Future {Regen+
                  | Int-3 SInv}.
  1247 | D:2      | 1247 ||| REMOVING ring of see invisible.
  1248 | D:2      | 1248 ||| READING scroll labelled SEXKEGHUYB.
  1505 | D:3      | Reached skill level 5 in Ranged Weapons
  1572 | D:3      | Found a sparkling altar of Nemelex Xobeh.
  1723 | D:3      | Reached XP level 5. HP: 33/42 MP: 5/5
  1730 | D:3      | Reached skill level 3 in Fighting
  1809 | D:3      | 1809 ||| READING scroll labelled DOMPOMI HUFE.
  1810 | D:3      | 1810 ||| READING scroll labelled PARPHONKOSOSCH.
  1811 | D:3      | 1811 ||| READING scroll labelled ZETOWN GIMEKHLINU.
  1814 | D:3      | 1814 ||| READING 3 scrolls of identify.
  1814 | D:3      | 1814 ||| IDENTIFYING viscous green potion
  1815 | D:3      | 1815 ||| READING 2 scrolls of identify.
  1815 | D:3      | 1815 ||| IDENTIFYING orange potion
  1969 | D:4      | Reached skill level 6 in Ranged Weapons
  2118 | D:4      | Reached XP level 6. HP: 51/51 MP: 6/6
  2190 | D:4      | Found a burning altar of Makhleb.
  2247 | D:4      | Found an iron altar of Okawaru.
  2248 | D:4      | 2248 ||| PLANNING OKAWARU WORSHIP
  2248 | D:4      | 2248 ||| UPGRADING to amulet of faith.
  2258 | D:4      | 2258 ||| READING scroll labelled AMYUSCH JEACWA.
  2266 | D:4      | Became a worshipper of Warmaster Okawaru
  2267 | D:4      | 2267 ||| PLANNING D:1-11
  2364 | D:4      | Found an ancient bone altar of Kikubaaqudgha.
  2511 | D:4      | Found a staircase to the Ecumenical Temple.
  2648 | D:4      | Identified the +3 flail "Kuuhitt" {heavy, Will+}
  2807 | D:5      | Entered Level 5 of the Dungeon
  2815 | D:5      | Reached skill level 7 in Ranged Weapons
  2825 | D:5      | Noticed Menkaure
  2834 | D:5      | Slain by Menkaure

Levels and vault maps discovered:
D:1:      minmay_arrival_shoal_huts, layout_basic,
          ebering_ecumenical_altar_abandoned, serial_shops, shop
D:2:      layout_rooms, hex_tiny
D:3:      layout_basic, nemelex_altar_shiori, kennysheep_minor_cross
D:4:      layout_basic, makhleb_blood_cavern_becter, okawaru_metal_pillars_3,
          lemuel_zombie_altar_kikubaaqudgha, minmay_temple_entry_proselytizer,
          hangedman_decor_riveting
D:5:      layout_basic, mainiacjoe_overflow_brackets, uniq_menkaure

Skill      XL: |  1  2  3  4  5  6 |
---------------+-------------------+-----
Ranged Weapons | 3 4 5 6 7 |  7.1
Fighting       | 2 3 4 |  4.3
Armour         | 1 |  1.0
Dodging        | |  2.1
Spellcasting   | |  1.0
Hexes          | |  2.0

Action                     |  1- 3 |  4- 6 || total
---------------------------+-------+-------++-------
   Fire: Sling             |   126 |   202 ||   328
    Use: Scroll            |     4 |     9 ||    13
         Potion            |     4 |       ||     4
 Armour: Robe              |     4 |       ||     4
         Ring mail         |     5 |    23 ||    28
  Dodge: Dodged            |    27 |    67 ||    94

Table legend:
 A = Non-vault XP
 B = Vault XP
 C = Vault XP percentage of total XP
 D = Non-vault monster count
 E = Vault monster count
 F = Vault count percentage of total count
                 A         B        C        D         E       F
            +---------+---------+-------+---------+---------+-------
      Total |     595 |      85 |  12.5 |     100 |       4 |   3.8
            +---------+---------+-------+---------+---------+-------
        D:1 |      58 |       0 |   0.0 |      34 |       0 |   0.0
        D:2 |      45 |       0 |   0.0 |      19 |       0 |   0.0
        D:3 |     139 |       0 |   0.0 |      28 |       0 |   0.0
        D:4 |     318 |      85 |  21.1 |      18 |       4 |  18.2
        D:5 |      35 |       0 |   0.0 |       1 |       0 |   0.0
            +---------+---------+-------+---------+---------+-------
